 Dungeon Crawl Stone Soup version 0.26-a0-639-g72c4674329 (webtiles) character file.

Game seed: 9000840337295705979

63 Apogee the Magician (level 3, -3/19 HPs)
             Began as a Deep Elf Fire Elementalist on Sept 18, 2020.
             Killed by nerve-wracking pain
             ... invoked by an orc priest
              (8 damage)
             ... on level 3 of the Dungeon.
             The game lasted 00:03:17 (2080 turns).

Apogee the Magician (Deep Elf Fire Elementalist)    Turns: 2080, Time: 00:03:18

Health: -3/19      AC:  3    Str:  5    XL:     3   Next: 87%
Magic:  2/10       EV: 13    Int: 20    God:
Gold:   91         SH:  0    Dex: 15    Spells: 9/10 levels left

rFire    . . .     SeeInvis .   k - +0 dagger
rCold    . . .     Faith    .   (no shield)
rNeg     . . .     Spirit   .   a - +0 robe
rPois    +         Reflect  .   c - +0 helmet
rElec    .         Harm     .   (no cloak)
rCorr    .         Rampage  .   (no gloves)
MR       .....                  (no boots)
Stlth    ++........             (no amulet)
HPRegen  0.06/turn              m - ring of poison resistance
MPRegen  0.12/turn              (no ring)

@: no status effects
A: no striking features
a: no special abilities


You were on level 3 of the Dungeon.
You visited 1 branch of the dungeon, and saw 3 of its levels.

You collected 91 gold pieces.

Inventory:

Hand Weapons
 k - a +0 dagger (weapon)
   (You found it on level 1 of the Dungeon)
Armour
 a - a +0 robe (worn)
 c - a +0 helmet (worn)
   (You found it on level 1 of the Dungeon)
Jewellery
 f - an uncursed amulet of reflection {unknown}
   (You found it on level 1 of the Dungeon)
 j - an uncursed amulet of guardian spirit {unknown}
   (You found it on level 1 of the Dungeon)
 m - a ring of poison resistance (left hand)
   (You found it on level 2 of the Dungeon)
Scrolls
 b - 3 scrolls of identify {unknown}
 d - 3 scrolls of remove curse {unknown}
 e - 2 scrolls of enchant weapon {unknown}
 i - a scroll of blinking {unknown}
 l - a scroll of magic mapping {unknown}
Potions
 g - a potion of heal wounds {unknown}
 h - a potion of degeneration {unknown}
 n - a potion of cancellation {unknown}


   Skills:
 - Level 2.4 Dodging
 - Level 2.4 Stealth
 + Level 4.1 Spellcasting
 + Level 2.5 Conjurations
 + Level 4.0 Fire Magic


You had 9 spell levels left.
You knew the following spells:

 Your Spells              Type           Power        Failure   Level
a - Foxfire               Conj/Fire      ###.         3%          1

Your spell library contained the following spells:

 Spells                   Type           Power        Failure   Level
 Conjure Flame            Conj/Fire      ###.....     10%         3
 Inner Flame              Hex/Fire       ##......     17%         3
 Sticky Flame             Conj/Fire      ###.....     32%         4
 Fireball                 Conj/Fire      ###.......   65%         5


Dungeon Overview and Level Annotations

Branches:
Dungeon (3/15)

Altars:


Message History

You see here a cursed +0 chain mail.
Found 10 gold pieces.
Things that are here:
a +0 flail; a +0 leather armour; an orc corpse
Found 18 gold pieces.
Found a stone staircase leading up.
You now have 58 gold pieces (gained 10).
Found 15 gold pieces.
You now have 76 gold pieces (gained 18).
A bat comes into view.
A bat is nearby!
A bat is nearby!
A bat is nearby!
You conjure some foxfire!
The foxfire hits the bat. x2; The bat closely misses you.
The bat hits you but does no damage.
You conjure some foxfire!
The bat misses you.
The foxfire hits the bat.
You kill the bat!
Your Spellcasting skill increases to level 4!
You now have 91 gold pieces (gained 15).
An adder and 2 orcs come into view.
You conjure some foxfire!
You conjure some foxfire!
The foxfire hits the orc.
The orc shouts!
The foxfire hits the orc.
The adder hisses angrily.
You hear a shout!
You conjure some foxfire!
The foxfire hits the orc.
You kill the orc!
A hobgoblin comes into view. It is wielding a +0 club.
You conjure some foxfire!
The foxfire hits the adder. x2
The foxfire hits the adder but does no damage.
You conjure some foxfire!
The foxfire hits the adder. x2
You kill the adder!
Your Fire Magic skill increases to level 4!
You conjure some foxfire!
The foxfire hits the hobgoblin.
You conjure some foxfire!
The foxfire hits the hobgoblin.
You kill the hobgoblin!
The foxfire hits the orc.
An orc priest comes into view. It is wielding a +0 war axe.
You conjure some foxfire!
The foxfire hits the orc.
You kill the orc!
The orc priest invokes the aid of Beogh against you.
Beogh smites you!
Ouch! That really hurt!
* * * LOW HITPOINT WARNING * * *
You conjure some foxfire!
The foxfire hits the orc priest. x3
The orc priest mumbles some strange prayers to Beogh against you.
Pain shoots through your body!
You die...

..... .....
#...####.#..
...........
#..##.<...
#..#......
#........#
####.#.......
########............
#.§@§....##.##......
#§v§#######.##......
#..)# #.##......
#.o.# #.#.......
##.## #...##...# ..
#..# ##### ... ...
...


You could see an orc priest.

Vanquished Creatures
  An adder (D:3)
  A leopard gecko (D:1)
  5 orcs (D:3)
  2 bats
  A giant cockroach (D:1)
  9 goblins
  11 hobgoblins
  2 jackals (D:2)
  4 frilled lizards (D:1)
  3 kobolds (D:2)
  3 rats (D:1)
42 creatures vanquished.

Vanquished Creatures (others)
  170 foxfires
170 creatures vanquished.

Grand Total: 212 creatures vanquished

Notes
Turn   | Place    | Note
-------+----------+-------------------------------------------
     0 | D:1      | Apogee the Deep Elf Fire Elementalist began the quest for
                  | the Orb.
     0 | D:1      | Reached XP level 1. HP: 10/10 MP: 6/6
   325 | D:1      | Reached XP level 2. HP: 15/15 MP: 2/8
  1455 | D:2      | Reached XP level 3. HP: 19/19 MP: 7/10
  2080 | D:3      | Killed from afar by an orc priest

Illustrated notes

Levels and vault maps discovered:
D:1:      lightli_arrival_chessboard, layout_rooms, minmay_misc_feat_five
D:2:      layout_rooms, minmay_goblin_outpost
D:3:      layout_rooms, lemuel_crystal_altar, chequers_serial_rivers_micro_c

Skill      XL: |  1  2  3 |
---------------+----------+-----
Conjurations   | 2 |  2.5
Spellcasting   | 4 |  4.1
Fire Magic     | 4 |  4.0
Dodging        | |  2.4
Stealth        | |  2.4

Action                   || total
-------------------------++-------
Melee: Dagger            ||    16
 Cast: Foxfire           ||   112
Armor: Robe              ||    17
Dodge: Dodged            ||    44

Table legend: (Time is in decaauts)
 A = Elapsed time spent in this place.
 B = Non-inter-level travel time spent in this place.
 C = Inter-level travel time spent in this place.
 D = Time resting spent in this place.
 E = Time spent auto-exploring this place.
 F = Levels seen in this place.
 G = Mean time per level.
                   A        B        C        D        E       F      G
               +--------+--------+--------+--------+--------+-----+--------+
         Total |   2078 |   1965 |    113 |    430 |   1268 |   3 |  692.7 |
       Dungeon |   2078 |   1965 |    113 |    430 |   1268 |   3 |  692.7 |
               +--------+--------+--------+--------+--------+-----+--------+

Top non-repeatable levels by time:
     D:2: 1090 daAuts
     D:1: 819 daAuts
     D:3: 168 daAuts
